NCAA
OREGON DUCKS @ PENN STATE NITTANY LIONS
05/14/2023
 
TOP OF THE 1ST
Oregon Ducks batting - Pitching for Penn State Nittany Lions : RHP Charlie Keller
Pitching: RHP Charlie Keller
Batting: SHB Will Evans 0-0: Bunt missed!
0-1: SINGLE (Groundball, 56D)
Batting: LHB José Hernández 0-0: Called Strike
0-1: Ball
1-1: Called Strike
1-2: Ball
2-2: Fly out, F2 (Popup, 2LF)
Batting: LHB Jason Roberts 0-0: Swinging Strike
0-1: Ball
1-1: Ball
2-1: Ball
3-1: Foul Ball, location: 2F
3-2: Foul Ball, location: 2F
3-2: Foul Ball, location: 2F
3-2: Strikes out swinging
Batting: LHB Jorge Rivera 0-0: Ball
1-0: SINGLE (Groundball, 5D)
Will Evans to second
Batting: RHB Ricardo Salazar 0-0: SINGLE (Groundball, 34S) (infield hit)
Will Evans to third
Jorge Rivera to second
Batting: LHB José Román 0-0: Fly out, F2 (Popup, 2RF)
Top of the 1st over - 0 run(s), 3 hit(s), 0 error(s), 3 left on base; Oregon 0 - Penn State 0
BOTTOM OF THE 1ST
Penn State Nittany Lions batting - Pitching for Oregon Ducks : RHP Nathan Walters
Pitching: RHP Nathan Walters
Batting: RHB Raúl Ruíz 0-0: Ball
1-0: Foul Ball, location: 2F
1-1: Foul Ball, location: 2F
1-2: Ground out 4-3 (Groundball, 4)
Batting: RHB Bob Cole 0-0: Ball
1-0: Foul Ball, location: 2F
1-1: Foul Ball, location: 2F
1-2: Strikes out swinging
Batting: RHB Sergio Gonzáles 0-0: Ball
1-0: Swinging Strike
1-1: Ball
2-1: Ball
3-1: Ground out 5-3 (Groundball, 56)
Bottom of the 1st over - 0 run(s), 0 hit(s), 0 error(s), 0 left on base; Oregon 0 - Penn State 0
TOP OF THE 2ND
Oregon Ducks batting - Pitching for Penn State Nittany Lions : RHP Charlie Keller
Batting: RHB Wade Floyd 0-0: Ball
1-0: Ball
2-0: Ball
3-0: Base on Balls
Batting: RHB Tony Cabrera 0-0: Ball
1-0: Called Strike
1-1: Foul Ball, location: 2F
1-2: Foul Ball, location: 2F
1-2: Fly out, F2 (Popup, 2LF)
Batting: RHB Bob Levinson 0-0: Ball
1-0: Fly out, F3 (Popup, 3DF)
Batting: SHB Will Evans 0-0: Ball
1-0: Called Strike
1-1: Ball
2-1: Ball
3-1: Fielders Choice at 2nd, U6 (Groundball, 6M)
Top of the 2nd over - 0 run(s), 0 hit(s), 0 error(s), 1 left on base; Oregon 0 - Penn State 0
BOTTOM OF THE 2ND
Penn State Nittany Lions batting - Pitching for Oregon Ducks : RHP Nathan Walters
Batting: RHB Tom Gordon 0-0: Called Strike
0-1: Ball
1-1: Ground out 5-3 (Groundball, 56)
Batting: RHB William Rogers 0-0: Called Strike
0-1: Foul Ball, location: 2F
0-2: Reached on error, E1 (Groundball, 23)
Batting: SHB Jim Gibson 0-0: Ball
William Rogers is caught stealing 3rd base
1-0: Ball
2-0: Foul Ball, location: 2F
2-1: Ball
3-1: Base on Balls
Batting: RHB Jim Anderson 0-0: Called Strike
0-1: Ball
1-1: Ground out 5-3 (Groundball, 5)
Bottom of the 2nd over - 0 run(s), 0 hit(s), 1 error(s), 1 left on base; Oregon 0 - Penn State 0
TOP OF THE 3RD
Oregon Ducks batting - Pitching for Penn State Nittany Lions : RHP Charlie Keller
Batting: LHB José Hernández 0-0: Ball
1-0: Ball
2-0: Ball
3-0: Base on Balls
Batting: LHB Jason Roberts 0-0: Swinging Strike
0-1: Called Strike
0-2: Strikes out swinging
Batting: LHB Jorge Rivera 0-0: Grounds into double play, 6-4-3 (Groundball, 6M)
Top of the 3rd over - 0 run(s), 0 hit(s), 0 error(s), 0 left on base; Oregon 0 - Penn State 0
BOTTOM OF THE 3RD
Penn State Nittany Lions batting - Pitching for Oregon Ducks : RHP Nathan Walters
Batting: RHB Johnny Hood 0-0: Called Strike
0-1: Ball
1-1: Foul Ball, location: 2F
1-2: Strikes out looking
Batting: RHB Tony Jones 0-0: Ball
1-0: Called Strike
1-1: Foul Ball, location: 2F
1-2: Strikes out swinging
Batting: RHB Raúl Ruíz 0-0: Ground out 6-3 (Groundball, 6M)
Bottom of the 3rd over - 0 run(s), 0 hit(s), 0 error(s), 0 left on base; Oregon 0 - Penn State 0
TOP OF THE 4TH
Oregon Ducks batting - Pitching for Penn State Nittany Lions : RHP Charlie Keller
Batting: RHB Ricardo Salazar 0-0: Ball
1-0: Called Strike
1-1: Ball
2-1: Ball
3-1: Called Strike
3-2: Ground out 6-3 (Groundball, 6M)
Batting: LHB José Román 0-0: Called Strike
0-1: Ball
1-1: DOUBLE (Flyball, 7LM)
Batting: RHB Wade Floyd 0-0: Ground out 6-3 (Groundball, 6M)
José Román to third
Batting: RHB Tony Cabrera 0-0: Ground out 5-3 (Groundball, 56)
Top of the 4th over - 0 run(s), 1 hit(s), 0 error(s), 1 left on base; Oregon 0 - Penn State 0
BOTTOM OF THE 4TH
Penn State Nittany Lions batting - Pitching for Oregon Ducks : RHP Nathan Walters
Batting: RHB Bob Cole 0-0: Ball
1-0: Swinging Strike
1-1: Fly out, F7 (Flyball, 7LM)
Batting: RHB Sergio Gonzáles 0-0: SINGLE (Line Drive, 7S)
Batting: RHB Tom Gordon 0-0: Ball
1-0: Ball
2-0: Ball
3-0: Called Strike
3-1: SINGLE (Groundball, 5D)
Sergio Gonzáles to second
Batting: RHB William Rogers 0-0: Fielders Choice at 2nd, 6-4 (Groundball, 6)
Sergio Gonzáles to third
Batting: SHB Jim Gibson 0-0: Ball
1-0: Ball
2-0: Ball
3-0: Called Strike
3-1: Called Strike
3-2: Strikes out swinging
Bottom of the 4th over - 0 run(s), 2 hit(s), 0 error(s), 2 left on base; Oregon 0 - Penn State 0
TOP OF THE 5TH
Oregon Ducks batting - Pitching for Penn State Nittany Lions : RHP Charlie Keller
Batting: RHB Bob Levinson 0-0: Fly out, F8 (Line Drive, 8RM)
Batting: SHB Will Evans 0-0: Ball
1-0: Called Strike
1-1: Swinging Strike
1-2: Ball
2-2: Fly out, F9 (Flyball, 89M)
Batting: LHB José Hernández 0-0: Ball
1-0: Called Strike
1-1: Ground out 5-3 (Groundball, 56S)
Top of the 5th over - 0 run(s), 0 hit(s), 0 error(s), 0 left on base; Oregon 0 - Penn State 0
BOTTOM OF THE 5TH
Penn State Nittany Lions batting - Pitching for Oregon Ducks : RHP Nathan Walters
Batting: RHB Jim Anderson 0-0: Foul Ball, location: 2F
0-1: SINGLE (Groundball, 34D)
Batting: RHB Johnny Hood 0-0: Ball
1-0: Foul Ball, location: 2F
1-1: DOUBLE (Flyball, 89D)
Jim Anderson to third
Runner from 3rd tries for Home, SAFE, throw made home
Batting: RHB Tony Jones 0-0: Called Strike
0-1: Ball
1-1: Ball
2-1: Ground out 2-3 (Groundball, 2L)
Johnny Hood to third
Batting: RHB Raúl Ruíz 0-0: Ball
1-0: Foul Ball, location: 2F
1-1: Called Strike
1-2: Ground out 5-3 (Groundball, 56)
Batting: RHB Bob Cole 0-0: Ball
1-0: Ball
2-0: Foul Ball, location: 2F
2-1: Swinging Strike
2-2: Foul Ball, location: 2F
2-2: SINGLE (Groundball, 4M)
Johnny Hood scores
Batting: RHB Sergio Gonzáles 0-0: Ball
1-0: Ball
2-0: Called Strike
2-1: Called Strike
2-2: Strikes out swinging
Bottom of the 5th over - 2 run(s), 3 hit(s), 0 error(s), 1 left on base; Oregon 0 - Penn State 2
TOP OF THE 6TH
Oregon Ducks batting - Pitching for Penn State Nittany Lions : RHP Charlie Keller
Batting: LHB Jason Roberts 0-0: Ball
1-0: Ball
2-0: Foul Ball, location: 2F
2-1: Called Strike
2-2: Strikes out looking
Batting: LHB Jorge Rivera 0-0: Ball
1-0: Swinging Strike
1-1: Foul Ball, location: 2F
1-2: Ball
2-2: Ground out 6-3 (Groundball, 6)
Batting: RHB Ricardo Salazar 0-0: Ball
1-0: Ball
2-0: Foul Ball, location: 2F
2-1: Ball
3-1: Base on Balls
Batting: LHB José Román 0-0: Ball
1-0: Ball
2-0: Ball
3-0: Called Strike
3-1: Fly out, F8 (Flyball, 8LM)
Top of the 6th over - 0 run(s), 0 hit(s), 0 error(s), 1 left on base; Oregon 0 - Penn State 2
BOTTOM OF THE 6TH
Penn State Nittany Lions batting - Pitching for Oregon Ducks : RHP Nathan Walters
Batting: RHB Tom Gordon 0-0: Ball
1-0: Ground out 6-3 (Groundball, 6M)
Batting: RHB William Rogers 0-0: Ball
1-0: Called Strike
1-1: Foul Ball, location: 2F
1-2: Ball
2-2: Ball
3-2: Fly out, F9 (Flyball, 89M)
Batting: SHB Jim Gibson 0-0: Called Strike
0-1: Swinging Strike
0-2: Foul Ball, location: 2F
0-2: Strikes out swinging
Bottom of the 6th over - 0 run(s), 0 hit(s), 0 error(s), 0 left on base; Oregon 0 - Penn State 2
TOP OF THE 7TH
Oregon Ducks batting - Pitching for Penn State Nittany Lions : RHP Charlie Keller
Pitching: LHP Bryce Johnston
Batting: RHB Wade Floyd 0-0: Ball
1-0: Called Strike
1-1: Ball
2-1: Ball
3-1: Fly out, F9 (Flyball, 9LD)
Batting: RHB Tony Cabrera 0-0: Ground out 6-3 (Groundball, 6)
Batting: RHB Bob Levinson 0-0: Ball
1-0: Ball
2-0: SINGLE (Line Drive, 89S)
Batting: SHB Will Evans 0-0: Ball
1-0: Called Strike
1-1: Ball
Wild Pitch!
Bob Levinson to second
2-1: Hit by Pitch
Batting: LHB José Hernández 0-0: Fly out, F8 (Flyball, 8RM)
Top of the 7th over - 0 run(s), 1 hit(s), 0 error(s), 2 left on base; Oregon 0 - Penn State 2
BOTTOM OF THE 7TH
Penn State Nittany Lions batting - Pitching for Oregon Ducks : RHP Nathan Walters
Pitching: RHP Sean Flynn
Batting: RHB Jim Anderson 0-0: Called Strike
0-1: Ball
1-1: Ball
2-1: Foul Ball, location: 2F
2-2: Ball
3-2: Base on Balls
Batting: RHB Johnny Hood 0-0: Ball
1-0: Bunted foul
1-1: Sac Bunt - play at first, batter OUT! 4-3
Jim Anderson to second
Batting: RHB Tony Jones 0-0: Called Strike
0-1: Ball
1-1: Called Strike
1-2: Ground out 6-3 (Groundball, 6M)
Jim Anderson to third
Batting: RHB Raúl Ruíz 0-0: Ball
1-0: Foul Ball, location: 2F
1-1: Ball
2-1: Ball
3-1: Called Strike
3-2: Base on Balls
Batting: RHB Bob Cole 0-0: Swinging Strike
0-1: Ball
1-1: Ball
2-1: Ground out 5-3 (Groundball, 5S)
Bottom of the 7th over - 0 run(s), 0 hit(s), 0 error(s), 2 left on base; Oregon 0 - Penn State 2
TOP OF THE 8TH
Oregon Ducks batting - Pitching for Penn State Nittany Lions : LHP Bryce Johnston
Batting: LHB Jason Roberts 0-0: Swinging Strike
0-1: Ball
1-1: Fly out, F7 (Flyball, 7M)
Batting: LHB Jorge Rivera 0-0: Ball
1-0: Swinging Strike
1-1: Swinging Strike
1-2: Foul Ball, location: 2F
1-2: Foul Ball, location: 2F
1-2: Ball
2-2: Ball
3-2: Base on Balls
Pitching: RHP Fernando Peña
Batting: RHB Ricardo Salazar 0-0: Ball
1-0: Swinging Strike
1-1: Ball
2-1: Ball
3-1: Called Strike
3-2: Foul Ball, location: 2F
3-2: Foul Ball, location: 2F
3-2: Base on Balls
Jorge Rivera to second
Batting: LHB José Román 0-0: Called Strike
0-1: Ball
1-1: Foul Ball, location: 2F
1-2: Strikes out swinging
Batting: RHB Wade Floyd 0-0: Ball
1-0: Ball
2-0: Fly out, F8 (Flyball, 8RM)
Top of the 8th over - 0 run(s), 0 hit(s), 0 error(s), 2 left on base; Oregon 0 - Penn State 2
BOTTOM OF THE 8TH
Penn State Nittany Lions batting - Pitching for Oregon Ducks : RHP Sean Flynn
Batting: RHB Sergio Gonzáles 0-0: Ball
1-0: Ball
2-0: Ball
3-0: Called Strike
3-1: Called Strike
3-2: Base on Balls
Batting: RHB Tom Gordon 0-0: Ball
1-0: Ball
2-0: Ball
3-0: Called Strike
3-1: 2-RUN HOME RUN (Line Drive, 9D), Distance : 362 ft
Batting: RHB William Rogers 0-0: Ball
1-0: Ball
2-0: Foul Ball, location: 2F
2-1: Foul Ball, location: 2F
2-2: Ball
3-2: Base on Balls
Pitching: RHP Michael Nelson
Batting: SHB Jim Gibson 0-0: Ball
1-0: Bunt missed!
1-1: Bunted foul
1-2: Grounds into double play, 6-4-3 (Groundball, 6)
Batting: RHB Jim Anderson 0-0: Ball
1-0: Fly out, F7 (Flyball, 78M)
Bottom of the 8th over - 2 run(s), 1 hit(s), 0 error(s), 0 left on base; Oregon 0 - Penn State 4
TOP OF THE 9TH
Oregon Ducks batting - Pitching for Penn State Nittany Lions : RHP Fernando Peña
Batting: RHB Tony Cabrera 0-0: Fly out, F9 (Flyball, 89S)
Batting: RHB Bob Levinson 0-0: Ball
1-0: Called Strike
1-1: Foul Ball, location: 2F
1-2: Ground out 4-3 (Groundball, 4M)
Batting: SHB Will Evans 0-0: Ball
1-0: SINGLE (Line Drive, 89S)
Batting: LHB José Hernández 0-0: Ball
1-0: Ball
2-0: Fly out, F8 (Line Drive, 8RM)
Top of the 9th over - 0 run(s), 1 hit(s), 0 error(s), 1 left on base; Oregon 0 - Penn State 4
This league is powered by Out of the Park Baseball, the baseball management simulation game for PC, Mac and Linux
Wednesday, December 2nd, 2015 - OOTP Baseball 16.8 Build 38